 Dungeon Crawl Stone Soup version 0.24-a0-618-ge4662a2 (webtiles) character file.

Game seed: 8638957572211571730, levelgen mode: deterministic

5504 BoppinsLewinski the Quickloader (level 10, -1/77 HPs)
             Began as a Demigod Hunter on Sept 16, 2019.
             Slain by an orc warrior
             ... wielding a +0 long sword
              (10 damage)
             ... on level 9 of the Dungeon.
             The game lasted 00:35:28 (9376 turns).

BoppinsLewinski the Quickloader (Demigod Hunter)    Turns: 9376, Time: 00:35:30

Health: -1/77      AC:  8    Str: 21    XL:     10   Next: 19%
Magic:  13/13      EV: 13    Int: 22    God:
Gold:   461        SH:  0    Dex: 20    Spells: 9/9 levels left

rFire    . . .     SeeInvis .   N - +6 mace "Seus" {drain, Int+3}
rCold    . . .     Gourm    .   (no shield)
rNeg     . . .     Faith    .   y - +0 ring mail of Coxtyitz {Str+4 Int+4}
rPois    +         Spirit   .   (no helmet)
rElec    .         Reflect  .   Q - +2 cloak {+Inv}
rCorr    .         Harm     .   (no gloves)
MR       ++...                  (no boots)
Stlth    ++++......             (no amulet)
HPRegen  0.22/turn              M - ring of protection from magic
MPRegen  0.13/turn              b - ring of poison resistance

@: no status effects
A: high mp 1
a: Evoke Invisibility


You were on level 9 of the Dungeon.
You were very hungry.

You visited 1 branch of the dungeon, and saw 9 of its levels.
You also visited: Sewer.

You collected 461 gold pieces.

Inventory:

Hand Weapons
 a - a +1 hand crossbow
 w - a +1 short sword of venom
 N - the +6 mace "Seus" (weapon) {drain, Int+3}
   (You found it on level 4 of the Dungeon)

   A truly terrible weapon, it drains the life of those it strikes.
   It affects your intelligence (+3).
Missiles
 d - 95 bolts
Armour
 y - the +0 ring mail of Coxtyitz (worn) {Str+4 Int+4}
   (You found it on level 4 of the Dungeon)

   It affects your strength (+4).
   It affects your intelligence (+4).
 Q - a +2 cloak of invisibility (worn)
Jewellery
 b - a ring of poison resistance (right hand)
 n - an uncursed ring of positive energy
 s - an uncursed ring of resist corrosion
 A - an uncursed ring of protection from fire
 M - a ring of protection from magic (left hand)
Wands
 B - a wand of paralysis (5)
 J - a wand of random effects (24)
 O - a wand of flame (36)
Scrolls
 l - 5 scrolls of teleportation {unknown}
 p - a scroll of remove curse
 q - a scroll of blinking {unknown}
 r - a scroll of amnesia {unknown}
 t - 2 scrolls of fear {unknown}
 u - a scroll of fog {unknown}
 z - 2 scrolls of magic mapping {unknown}
 F - 2 scrolls of immolation {unknown}
 G - 2 scrolls of enchant weapon {unknown}
 K - a scroll of silence {unknown}
 R - a scroll of enchant armour {unknown}
Potions
 e - a potion of mutation
 i - 5 potions of brilliance
 k - 9 potions of curing
 o - 2 potions of magic
 x - a potion of flight
Comestibles
 f - 12 rations


   Skills:
 * Level 3.5 Fighting
 + Level 0.8 Maces & Flails
 + Level 11.3 Crossbows
 + Level 2.4 Armour
 + Level 3.1 Dodging
 + Level 8.4 Stealth
 + Level 1.1 Evocations


You had 9 spell levels left.
You didn't know any spells.
Your spell library contained the following spells:

 Spells                   Type           Power        Failure   Level  Hunger
 Beastly Appendage        Tmut           #.....       26%         1    ##.....
 Confusing Touch          Hex            #.....       26%         1    ##.....
 Shock                    Conj/Air       #...         26%         1    ##.....
 Sticks to Snakes         Tmut           #.......     38%         2    ###....
 Swiftness                Chrm/Air       #.......     38%         2    ###....
 Confuse                  Hex            #.......     63%         3    ####...
 Gell's Gravitas          Tloc           #.........   63%         3    ####...
 Spider Form              Tmut/Pois      #.........   63%         3    ####...
 Static Discharge         Conj/Air       #.......     63%         3    ####...
 Airstrike                Air            #.........   95%         4    #####..
 Ice Form                 Ice/Tmut       #.......     95%         4    #####..
 Petrify                  Tmut/Erth      #.......     95%         4    #####..
 Blade Hands              Tmut           #.........   100%        5    ######.
 Lightning Bolt           Conj/Air       #.........   100%        5    ######.
 Metabolic Englaciation   Hex/Ice        #.........   100%        5    ######.
 Yara's Violent Unravell  Hex/Tmut       #.........   100%        5    ######.


Dungeon Overview and Level Annotations

Branches:
Dungeon (9/15)             Temple (0/1) D:6             Orc (0/2) D:9
  Sewer (visited)
   Lair: D:8-11


Innate Abilities, Weirdness & Mutations

You have an increased reservoir of magic. (+10% MP)


Message History

Tha orc warrior be heavily wounded.
Tha orc warrior hits ye wit' a +0 long sword!
* * * LOW HITPOINT WARNIN'
* * * Tha gnoll sergeant hits ye but does nay damage.
Unknown command.
Okay, than.
Unknown command.
Unknown command.
Ye feel better.
Tha gnoll sergeant hits ye but does nay damage.
Tha orc warrior hits ye wit' a +0 long sword.
* * * LOW HITPOINT WARNIN'
* * * Ye be too injured ta fight recklessly!
Ye hit tha orc warrior but do nay damage.
Ye drain tha orc warrior.
Tha orc warrior be severely wounded.
Tha gnoll sergeant hits ye from afar wit' a +0 spear!
* * * LOW HITPOINT WARNIN'
* * * Tha orc warrior hits ye wit' a +0 long sword!
Ye die...

### ..# #.# #####
....#.#8O..8#
########
....#.#Kgg..#
#......#
#...#)oggg..#
.......# #<..#@#
..)....# #...#.#
.......#####...#.#
.............###.#
..####....†......#
..####.#<..#.#####
...........#.#
######.#.#.#.#
#.#.###.#


You could see an orc warrior, a big kobold, an ogre, 2 gnoll sergeants and 3
gnolls.

Vanquished Creatures
  Pikel (D:5)
  Maurice (D:8)
  Grinder (D:4)
  A hippogriff (D:8)
  Sigmund (D:3)
  2 wyverns
  A hungry ghost (D:7)
  Edmund (D:5)
  An ice beast (D:8)
  2 orc warriors
  A sky beast (D:8)
  A slave (D:5)
  4 centaurs
  4 ogres
  3 phantoms
  Blork the orc (D:4)
  4 big kobolds
  6 bullfrogs
  4 gnoll sergeants
  2 scorpions
  3 wights (D:8)
  4 howler monkeys
  A quasit (D:6)
  3 hounds
  3 crimson imps
  4 orc priests
  2 jellies
  A centaur skeleton (D:7)
  An orc wizard (D:7)
  Crazy Yiuf (D:4)
  Ijyb (D:5)
  An iguana (D:7)
  6 worker ants
  2 hound skeletons
  A worker ant zombie (D:7)
  3 gnolls (D:6)
  8 river rats (Sewer)
  9 adders
  A shadow imp (D:7)
  An ooze (Sewer)
  An adder skeleton (D:5)
  4 worms
  3 dart slugs
  4 leopard geckos
  14 orcs
  4 giant cockroaches
  6 goblins
  7 hobgoblins
  7 jackals
  7 quokkas
  5 ball pythons
  8 bats
  9 frilled lizards
  24 kobolds
  A quokka skeleton (D:6)
  29 rats
231 creatures vanquished.

Notes
Turn   | Place    | Note
-------+----------+-------------------------------------------
     0 | D:1      | BoppinsLewinski the Demigod Hunter began the quest for the
                  | Orb.
     0 | D:1      | Reached XP level 1. HP: 17/17 MP: 3/3
   102 | D:1      | Reached skill level 1 in Stealth
   320 | D:1      | Reached XP level 2. HP: 17/24 MP: 4/4
   348 | D:1      | Reached skill level 4 in Crossbows
   969 | D:2      | Reached XP level 3. HP: 29/29 MP: 5/5
  1259 | D:2      | Reached XP level 4. HP: 35/36 MP: 6/6
  1535 | D:2      | Found a faded altar of an unknown god.
  1774 | D:3      | Reached skill level 5 in Crossbows
  2089 | D:3      | Noticed Sigmund
  2092 | D:3      | Killed Sigmund
  2092 | D:3      | Reached XP level 5. HP: 26/41 MP: 7/7
  2345 | D:3      | You fall into a shaft and drop 1 floor!
  2607 | D:4      | Noticed Grinder
  2608 | D:4      | Paralysed by Grinder for 2 turns
  2618 | D:4      | Killed Grinder
  2618 | D:4      | Reached skill level 6 in Crossbows
  2618 | D:4      | Reached XP level 6. HP: 22/48 MP: 8/8
  2689 | D:4      | Found a glowing drain.
  2694 | Sewer    | Entered a sewer
  3085 | Sewer    | Reached XP level 7. HP: 48/53 MP: 9/9
  3117 | Sewer    | Reached skill level 7 in Crossbows
  3695 | D:4      | Got a fine ring mail
  3720 | D:4      | Noticed Blork the orc
  3741 | D:4      | Killed Blork the orc
  3741 | D:4      | Reached skill level 5 in Stealth
  4092 | D:4      | Found an ancient bone altar of Kikubaaqudgha.
  4140 | D:4      | Found a runed translucent door.
  4141 | D:4      | Noticed Crazy Yiuf
  4181 | D:4      | Killed Crazy Yiuf
  4287 | D:4      | Identified the +0 ring mail of Coxtyitz {Str+4 Int+4} (You
                  | found it on level 4 of the Dungeon)
  4329 | D:5      | Entered Level 5 of the Dungeon
  4363 | D:5      | Noticed Ijyb
  4381 | D:5      | Killed Ijyb
  4713 | D:5      | Reached skill level 8 in Crossbows
  4949 | D:5      | Found a burning altar of Makhleb.
  5006 | D:5      | Noticed Edmund
  5014 | D:5      | Killed Edmund
  5014 | D:5      | Reached XP level 8. HP: 54/60 MP: 10/10
  5141 | D:5      | Noticed Pikel
  5159 | D:5      | Killed Pikel
  5159 | D:5      | Reached skill level 9 in Crossbows
  5461 | D:4      | Got an ancient mace
  5465 | D:4      | Got an ichor-stained mace
  5498 | D:6      | Found a staircase to the Ecumenical Temple.
  5507 | D:6      | Got a bone mace
  6177 | D:6      | Reached skill level 10 in Crossbows
  6177 | D:6      | Reached XP level 9. HP: 16/67 MP: 11/11
  6543 | D:6      | Identified the +6 mace "Seus" {drain, Int+3} (You found it
                  | on level 4 of the Dungeon)
  6544 | D:6      | Identified the cursed +2 mace of the Unspeakable One
                  | {drain, *Slow rC+ Int+2 Stlth+} (You found it on level 4 of
                  | the Dungeon)
  6546 | D:6      | Identified the +7 mace "Tomium" {drain, *Drain rPois Str+9
                  | SInv} (You found it on level 6 of the Dungeon)
  7999 | D:8      | Reached skill level 1 in Armour
  8011 | D:8      | Reached skill level 11 in Crossbows
  8016 | D:8      | Noticed Maurice
  8685 | D:8      | Killed Maurice
  8685 | D:8      | Reached XP level 10. HP: 48/75 MP: 13/13
  9329 | D:9      | Found a staircase to the Orcish Mines.
  9355 | D:9      | Reached skill level 1 in Evocations
  9376 | D:9      | Slain by an orc warrior

Levels and vault maps discovered:
D:1:      minmay_arrival_widening_spiral_narrow, layout_loops_ring,
          grunt_decor_one_mirror
D:2:      layout_loops_ring, chequers_ecumenical_altar_lobes, corexii_shack
D:3:      layout_loops_cross, first_ration, minmay_fractal_squares_5,
          uniq_sigmund
D:4:      layout_loops_ring, kennysheep_mini_moat, portal_sewer_entry_e,
          uniq_crazy_yiuf_cottage, uniq_blork_the_orc, uniq_grinder
D:5:      layout_basic, kennysheep_nub, bloody_makhleb, uniq_edmund, uniq_ijyb,
          uniq_pikel
D:6:      layout_gridville, minmay_temple_entry_offerings, minmay_pentangle
D:7:      layout_basic
D:8:      layout_cave_pools, uniq_maurice
D:9:      layout_basic, kennysheep_orc_monster_closet_entryway, the_bakery,
          minmay_bent

Skill      XL: |  1  2  3  4  5  6  7  8  9 10 |
---------------+-------------------------------+-----
Stealth        | 1 2 3 4 5 7 8 |  8.4
Crossbows      | 4 5 6 8 10 11 | 11.3
Fighting       | 2 3 |  3.5
Dodging        | 2 3 |  3.1
Armour         | 2 |  2.4
Evocations     | 1 |  1.1
Maces & Flails | |  0.8

Action                   |  1- 3 |  4- 6 |  7- 9 | 10-12 || total
-------------------------+-------+-------+-------+-------++-------
Melee: Short sword       |    98 |    81 |   103 |       ||   282
       Hand crossbow     |       |       |     5 |       ||     5
       Mace              |       |       |       |    54 ||    54
 Fire: Hand crossbow     |    57 |   121 |   353 |    11 ||   542
Evoke: Wand              |       |       |     9 |       ||     9
  Use: Potion            |       |     2 |    11 |     4 ||    17
       Scroll            |       |       |     8 |     2 ||    10
  Eat: Chunk             |       |     5 |     9 |     1 ||    15
       Ration            |       |     1 |     2 |       ||     3
Armor: Fire dragon scale |    78 |    81 |    33 |       ||   192
       Leather armour    |     4 |       |       |       ||     4
       Skin              |       |       |     7 |    64 ||    71
       Ring mail         |       |       |    54 |    14 ||    68
Dodge: Dodged            |    81 |    99 |   131 |    40 ||   351

Table legend:
 A = Non-vault XP
 B = Vault XP
 C = Vault XP percentage of total XP
 D = Non-vault monster count
 E = Vault monster count
 F = Vault count percentage of total count
                 A         B        C        D         E       F
            +---------+---------+-------+---------+---------+-------
      Total |    4503 |    3360 |  42.7 |     153 |      77 |  33.5
            +---------+---------+-------+---------+---------+-------
        D:1 |      36 |       0 |   0.0 |      23 |       0 |   0.0
        D:2 |      86 |       3 |   3.4 |      27 |       1 |   3.6
        D:3 |      53 |     235 |  81.6 |      19 |       7 |  26.9
        D:4 |      94 |     415 |  81.5 |       9 |       3 |  25.0
        D:5 |     272 |     843 |  75.6 |       8 |       3 |  27.3
        D:6 |     678 |     347 |  33.9 |      14 |       7 |  33.3
        D:7 |     968 |       0 |   0.0 |      21 |       0 |   0.0
        D:8 |    2113 |     439 |  17.2 |      29 |       1 |   3.3
        D:9 |     203 |     691 |  77.3 |       3 |       7 |  70.0
      Sewer |       0 |     387 | 100.0 |       0 |      48 | 100.0
            +---------+---------+-------+---------+---------+-------
